 Dungeon Crawl Stone Soup version 0.27.0-1-g7a089689b8 (webtiles) character file.

Game seed: 14042501415194281123

181 Acheron the Slasher (level 5, -5/33 HPs)
             Began as a Human Chaos Knight on Aug 14, 2021.
             Was a Plaything of Xom.
             Slain by a gnoll (8 damage)
             ... on level 3 of the Dungeon.
             The game lasted 00:08:51 (2543 turns).

Acheron the Slasher (Human Chaos Knight)            Turns: 2543, Time: 00:08:52

Health: -5/33      AC:  5    Str: 12    XL:     5   Next: 92%
Magic:  5/5        EV: 11    Int: 13    God:    Xom [......]
Gold:   37         SH:  0    Dex: 13    Spells: 4/4 levels left

rFire    . . .     SeeInvis +   a - +0 falchion (chaos)
rCold    . . .     Faith    .   (no shield)
rNeg     . . .     Spirit   .   b - +2 leather armour
rPois    .         Reflect  .   (no helmet)
rElec    .         Harm     .   (no cloak)
rCorr    .         Rampage  .   (no gloves)
Will     .....                  (no boots)
Stlth    ++........             (no amulet)
HPRegen  0.11/turn              o - ring of see invisible
MPRegen  0.09/turn              (no ring)

@: unable to read
A: claws 1, frail 2, inability to read while threatened
a: Renounce Religion


You were on level 3 of the Dungeon.
You worshipped Xom.
You were a very special plaything of Xom.
You visited 1 branch of the dungeon, and saw 5 of its levels.

You collected 106 gold pieces.
You spent 69 gold pieces at shops.

Inventory:

Hand Weapons
 a - a +0 falchion of chaos (weapon)
 p - a +2 dagger of venom
Missiles
 e - 46 stones (quivered)
 j - 3 silver javelins
 q - 4 curare-tipped darts
Armour
 b - a +2 leather armour (worn)
Jewellery
 g - a ring of see invisible
 o - a ring of see invisible (left claw)
Scrolls
 d - 5 scrolls of teleportation
 h - a scroll of magic mapping {unknown}
 i - a scroll of noise {unknown}
 k - a scroll of identify {unknown}
 m - a scroll of amnesia {unknown}
 n - a scroll of blinking {unknown}
Potions
 c - 2 potions of brilliance {unknown}
 f - a potion of haste {unknown}
 l - a potion of invisibility {unknown}
 r - a potion of degeneration {unknown}


   Skills:
 + Level 3.9 Fighting
 + Level 4.0 Long Blades
 + Level 2.4 Armour
 * Level 1.8 Dodging
 * Level 2.9 Stealth


You had 4 spell levels left.
You didn't know any spells.
Your spell library contained the following spells:

 Spells                   Type           Power      Damage    Failure   Level
 Shock                    Conj/Air       0%         1d3       36%         1
 Ozocubu's Armour         Ice            0%         N/A       75%         3
 Swiftness                Air            0%         N/A       75%         3
 Airstrike                Air            0%         N/A       98%         4
 Metabolic Englaciation   Hex/Ice        0%         N/A       100%        5
 Dispersal                Tloc           0%         N/A       100%        6
 Simulacrum               Ice/Necr       0%         N/A       100%        6
 Disjunction              Tloc           0%         N/A       100%        8


Dungeon Overview and Level Annotations

Branches:
Dungeon (5/15)
 Temple: D:4-7

Altars:

Shops:
D:2 *   D:4 (


Innate Abilities, Weirdness & Mutations

You have sharp fingernails.
You are very frail. (-20% HP)
You sometimes lose the ability to read scrolls when taking damage.


Message History

The gnoll closely misses you. The gnoll hits you with a +0 halberd!
You hit the gnoll.
Nothing appears to happen.
The gnoll is severely wounded.
The gnoll barely misses you.
You hit the gnoll but do no damage. Lightning courses through the gnoll!
You kill the gnoll!
The gnoll turns into a zombie!
You swap places.
You swap places.
You can read scrolls again.
Your gnoll zombie hits the gnoll with a +0 halberd.
The gnoll hits your gnoll zombie with a +0 halberd.
Your gnoll zombie barely misses the gnoll.
The gnoll hits your gnoll zombie with a +0 halberd.
Your gnoll zombie is destroyed!
The gnoll misses you. The gnoll hits you with a +0 halberd.
You feel threatened and lose the ability to read scrolls!
* * * LOW HITPOINT WARNING * * *
You see here a +0 halberd.
You completely miss the gnoll.
The gnoll is moderately wounded.
The gnoll hits you with a +0 halberd!
* * * LOW HITPOINT WARNING * * *
You barely miss the gnoll.
The gnoll is moderately wounded.
The gnoll hits you but does no damage.
You hit the gnoll but do no damage.
The gnoll is poisoned.
The gnoll is moderately wounded.
The gnoll closely misses you.
You riposte.
You hit the gnoll but do no damage.
The gnoll looks as sick as possible!
The gnoll is moderately wounded.
You hit the gnoll.
The gnoll is heavily wounded.
The gnoll barely misses you.
You riposte.
You barely miss the gnoll.
The gnoll is heavily wounded.
You hit the gnoll but do no damage.
The gnoll looks as sick as possible!
The gnoll is heavily wounded.
The gnoll hits you with a +0 halberd!
You die...

#...(..# ######### #......#
#.......# #......# #.......
#......# #..g..g #......+
#....g #.)....# #....
#......##
#...#################.....#.#
#...'......g@......<.......$w
#...#################..##.#.#
##+#####....#########........
#>...................#.#.#..
#######.##.#####..####......
#....##.### #...# ##..#.
#....##...# #.#.# ....
#########.###.#.# .#.
#.....#.. #. #.


You could see a gnoll (extremely poisoned).

Vanquished Creatures
  A scorpion (D:2)
  A jelly (D:4)
  A hound zombie (D:5)
  A gnoll (D:3)
  An adder (D:2)
  2 worms
  6 orcs (D:2)
  2 ball pythons
  3 endoplasms
  3 giant cockroaches
  4 goblins
  4 hobgoblins
  4 quokkas
  5 bats
  3 frilled lizards
  2 kobolds
  A rat (D:1)
44 creatures vanquished.

Notes
Turn   | Place    | Note
-------+----------+-------------------------------------------
     0 | D:1      | Acheron the Human Chaos Knight began the quest for the Orb.
     0 | D:1      | Reached XP level 1. HP: 18/18 MP: 1/1
   405 | D:1      | Found a faded altar of an unknown god.
   490 | D:1      | Reached XP level 2. HP: 18/24 MP: 2/2
   533 | D:1      | XOM: divination: detect creatures
   780 | D:2      | Reached XP level 3. HP: 9/29 MP: 3/3
  1045 | D:2      | XOM: confuse monster(s)
  1049 | D:2      | Noticed a scorpion
  1049 | D:2      | a worm changed into a scorpion
  1056 | D:2      | Killed a scorpion
  1057 | D:2      | Reached skill level 1 in Stealth
  1057 | D:2      | Reached XP level 4. HP: 25/37 MP: 4/4
  1103 | D:2      | XOM: cloud trail
  1193 | D:2      | Found Kutt's Assorted Antiques.
  1303 | D:2      | Reached XP level 5. HP: 38/42 MP: 5/5
  1464 | D:2      | Bought a glowing golden potion for 21 gold pieces
  1464 | D:2      | Bought a scroll labelled ADASIBOCUAN for 24 gold pieces
  1464 | D:2      | Bought a scroll labelled SYWAUSSURO for 24 gold pieces
  1626 | D:2      | XOM: give mutations
  1626 | D:2      | Gained mutation: You are frail. (-10% HP) [Xom's mischief]
  1626 | D:2      | Gained mutation: You have sharp fingernails. [Xom's
                  | mischief]
  1626 | D:2      | Gained mutation: You sometimes lose the ability to read
                  | scrolls when taking damage. [Xom's mischief]
  1626 | D:2      | Gained mutation: You are very frail. (-20% HP) [Xom's
                  | mischief]
  1749 | D:4      | Found Ledgholo's Antique Weapon Boutique.
  1843 | D:3      | XOM: butterfly on damage
  2241 | D:5      | Entered Level 5 of the Dungeon
  2326 | D:4      | Reached skill level 4 in Long Blades
  2543 | D:3      | Slain by a gnoll

Illustrated notes

Levels and vault maps discovered:
D:1:      minmay_arrival_shattered_statue, layout_basic,
          chequers_ecumenical_altar_grove
D:2:      layout_loops_ring, serial_shops, nicolae_diamond_shop
D:3:      layout_basic
D:4:      layout_rooms, xom_redecorated, nzn_wu_jian_contemplation,
          mainiacjoe_overflow_small_starburst, serial_shops, shop
D:5:      layout_cave_pools, minmay_temple_entry_trees, uniq_menkaure

Skill      XL: |  1  2  3  4  5 |
---------------+----------------+-----
Stealth        | 1 2 |  2.9
Long Blades    | 4 |  4.0
Fighting       | |  3.9
Armour         | |  2.4
Dodging        | |  1.8

Action                   |  1- 3 |  4- 6 || total
-------------------------+-------+-------++-------
Melee: Falchion          |    49 |    85 ||   134
  Use: Scroll            |     1 |       ||     1
 Stab: Confused          |     1 |     2 ||     3
       Petrified         |       |     9 ||     9
       Paralysed         |       |     4 ||     4
       Sleeping          |       |     2 ||     2
Armor: Leather armour    |    14 |    14 ||    28
Dodge: Dodged            |    36 |    35 ||    71
       Rpst.: Falchion   |    14 |    10 ||    24
